AoeStats
← Marbas

Four Lakes

507868364Analyzed
1v1 RM · 12d ago on Sep 20, 2026· 27m 16s· 2 players
Game mode
Random Map
Map size
Tiny (2 player)
Population
200
Speed
Normal
Resources
Standard
Victory
Conquest
Starting age
Dark Age
Ending age
Imperial Age
RankedLock teamsTeams togetherTeam positionsShared explorationLock speedFull tech treeHidden civsTurbo modeCheats
Victory
Defeat
🇺🇾 Bulgarians · Uruguay
2004
+7
🇷🇺 Celts · Russia
1796
-7
DS_Alec
6:05 Loom
10:15 Feudal Age
16:18 Castle Age
15:49 Double-Bit Axe
16:37 Fishing Lines
17:58 Town Watch
18:49 Wheelbarrow
20:06 Gillnets
20:50 Scale Barding Armor
21:18 Bow Saw
23:04 Chain Barding Armor
24:13 Forging
26:28 Fletching
Marbas
10:14 Feudal Age
10:41 Double-Bit Axe
13:23 Loom
15:55 Castle Age
14:45 Fishing Lines
15:36 Fletching
16:50 Bodkin Arrow
17:04 Gold Mining
17:26 Bow Saw
17:29 Crossbowman
18:36 Padded Archer Armor
20:59 Gold Shaft Mining
21:20 Ballistics
24:36 Leather Archer Armor
Connection lost

Rejoining the realm…

Still unreachable

The connection could not be restored.

Session expired

The server has moved on; the page needs a fresh start.